 Dungeon Crawl Stone Soup version 0.29.1-2-gbd0b4ee654 (webtiles) character file.

Game seed: 6635803663085225113

700 bmorgan the Covered (level 7, -1/70 HPs)
             Began as a Minotaur Fighter on Nov 23, 2022.
             Was a Believer of Ashenzari.
             Succumbed to a gnoll's poison
             ... on level 5 of the Dungeon.
             The game lasted 00:12:38 (3540 turns).

bmorgan the Covered (Minotaur Fighter)              Turns: 3540, Time: 00:12:39

Health: -1/70      AC: 10    Str: 21    XL:     7   Next: 38%
Magic:  6/6        EV:  9    Int:  5    God:    Ashenzari [**....]
Gold:   240        SH:  4    Dex: 11    Spells: 6/6 levels left

rFire   . . .      SeeInvis +   m - +3 falchion
rCold   . . .      Faith    .   c - +0 buckler "Mistrust of Ashenzari" {Bglg, Self} (curse)
rNeg    . . .      Spirit   .   b - +0 scale mail
rPois   .          Reflect  .   (helmet restricted)
rElec   .          Harm     .   e - +0 cloak "Shackled Together" {Range, Cun} (curse)
rCorr   +          Rampage  .   (no gloves)
Will    .....                   g - +0 pair of boots "Bound Seer" {Melee, Comp} (curse)
Stlth   ..........              (no amulet)
HPRegen 0.21/turn               i - ring of resist corrosion
MPRegen 0.10/turn               (no ring)

@: lethally poisoned (-1 -> -31)
A: horns 2, retaliatory headbutt
a: Renounce Religion, Shatter the Chains


You were on level 5 of the Dungeon.
You worshipped Ashenzari.
Ashenzari was pleased with you.
You visited 1 branch of the dungeon, and saw 5 of its levels.

You collected 240 gold pieces.

Inventory:

Hand Weapons
 a - a +0 war axe
 m - a +3 falchion (weapon)
Missiles
 v - 5 boomerangs (quivered)
Armour
 b - a +0 scale mail (worn)
 c - the cursed +0 buckler "Mistrust of Ashenzari" (worn) {Bglg, Self}

   It has a curse which improves the following skills: Beguiling: Conjurations,
   Hexes and Translocations.
   Introspection: Fighting and Spellcasting.
 e - the cursed +0 cloak "Shackled Together" (worn) {Range, Cun}
   (You found it on level 1 of the Dungeon)

   It has a curse which improves the following skills: Ranged Combat: Ranged
   Weapons and Throwing.
   Cunning:   Dodging and Stealth.
 g - the cursed +0 pair of boots "Bound Seer" (worn) {Melee, Comp}
   (You found it on level 1 of the Dungeon)

   It has a curse which improves the following skills: Melee Combat: Short
   Blades, Long Blades, Axes, Maces & Flails, Polearms, Staves and Unarmed
   Combat.
   Companions: Summonings and Necromancy.
Jewellery
 i - a ring of resist corrosion (left hand)
Wands
 w - a wand of charming (7)
 x - a wand of flame (25)
Scrolls
 d - a scroll of summoning
 l - 2 scrolls of teleportation
 n - a scroll of vulnerability
 p - a scroll of amnesia
 r - a scroll of enchant armour
 t - 4 scrolls of identify
Potions
 f - 2 potions of curing
 h - 3 potions of brilliance
 j - a potion of attraction
 k - a potion of lignification
 o - a potion of invisibility
 s - a potion of mutation
 u - a potion of cancellation


   Skills:
 * Level 7.7(9.0) Fighting
 - Level 2.4(3.5) Axes
 + Level 7.9 Armour
 - Level 3.7 Shields


You had 6 spell levels left.
You didn't know any spells.
Your spell library contained the following spells:

 Spells                   Type           Power      Damage    Failure   Level
 Apportation              Tloc           0%         N/A       85%         1
 Necrotise                Necr           0%         1d4       85%         1
 Summon Small Mammal      Summ           0%         N/A       85%         1
 Ignite Poison            Fire/Tmut/Pois 0%         N/A       99%         3
 Mephitic Cloud           Conj/Pois/Air  0%         N/A       99%         3
 Summon Guardian Golem    Hex/Summ       0%         N/A       99%         3
 Freezing Cloud           Conj/Ice/Air   0%         6-21      100%        5
 Summon Forest            Summ/Tloc      0%         N/A       100%        5
 Summon Mana Viper        Hex/Summ       0%         N/A       100%        5
 Summon Cactus Giant      Summ           0%         N/A       100%        6
 Orb of Destruction       Conj           0%         9d5       100%        7
 Spellforged Servitor     Conj/Summ      0%         N/A       100%        7


Dungeon Overview and Level Annotations

Branches:
Dungeon (5/15)             Temple (0/1) D:4

Altars:
Ashenzari
Dithmenos


Innate Abilities, Weirdness & Mutations

You have a pair of horns on your head.
You reflexively headbutt those who attack you in melee.


Message History

The gnoll hits you with a +0 flail. The gnoll closely misses you.
The gnoll hits you from afar with a +0 spear of venom.
You are more poisoned.
You closely miss the gnoll.
The gnoll is heavily wounded.
You feel extremely sick. You block the gnoll's attack.
The gnoll hits you with a +0 flail. You block the gnoll's attack.
The gnoll barely misses you.
You hit the gnoll.
The gnoll is severely wounded.
You feel very sick.
The gnoll hits you from afar with a +0 spear of venom.
You are more poisoned.
The gnoll hits you but does no damage. The gnoll barely misses you.
You furiously retaliate!
You headbutt the gnoll.
The gnoll hits you from afar with a +0 spear.
As you read the scroll of teleportation, it crumbles to dust.
You feel strangely unstable.
You feel very sick. The gnoll hits you but does no damage.
You are lethally poisoned!
The gnoll barely misses you. The gnoll hits you with a +0 flail.
* * * LOW HITPOINT WARNING * * *
The gnoll hits you but does no damage.
You hit the gnoll.
The gnoll is almost dead.
* * * LOW HITPOINT WARNING * * *
You feel extremely sick. The gnoll closely misses you.
The gnoll hits you but does no damage. The gnoll barely misses you.
The gnoll hits you from afar with a +0 spear.
* * * LOW HITPOINT WARNING * * *
The gnoll barely misses you.
The gnoll hits you but does no damage. x2
You are more poisoned.
The gnoll barely misses you.
You hit the gnoll.
You kill the gnoll!
Your surroundings suddenly seem different.
Found 22 gold pieces.
You die...

#+###............. , ,, ##...
...##..).............#, ##....
......................#,, #....#
......................# ##...##
....##................#,*#..g.##
....#.....#...........# #...##
....#.....#...........# #...#
....#.........#.......# #...# #
..............#@.........##'###.
...............#.................
...............#.................
.............###.....!...########
...........#............ ** *
...........#......$..... , ,
...........#............ , ,,
...........+....>......., ,
...........#......# ,*


There were no monsters in sight!

Vanquished Creatures
  2 ogres
  2 phantoms
  2 scorpions
  An orc priest (D:5)
  An iguana (D:4)
  An orc wizard (D:5)
  A gnoll (D:5)
  10 adders
  3 worms
  4 dart slugs
  9 orcs
  13 ball pythons
  5 bats
  6 endoplasms
  3 giant cockroaches
  3 goblins
  5 hobgoblins
  2 jackals (D:4)
  A quokka (D:3)
  5 frilled lizards
  6 kobolds
  2 rats
87 creatures vanquished.

Notes
Turn   | Place    | Note
-------+----------+-------------------------------------------
     0 | D:1      | bmorgan the Minotaur Fighter began the quest for the Orb.
     0 | D:1      | Reached XP level 1. HP: 19/19 MP: 0/0
   472 | D:1      | Reached XP level 2. HP: 27/27 MP: 1/1
  1023 | D:2      | Reached XP level 3. HP: 30/33 MP: 2/2
  1119 | D:2      | Found a faded altar of an unknown god.
  1462 | D:2      | Reached skill level 5 in Armour
  1569 | D:2      | Reached XP level 4. HP: 27/41 MP: 3/3
  1610 | D:2      | Prayed at the altar of an unknown god.
  1610 | D:2      | Became a worshipper of Ashenzari the Shackled
  1719 | D:2      | Found a shadowy altar of Dithmenos.
  2307 | D:3      | Reached skill level 5 in Fighting
  2520 | D:4      | Reached XP level 5. HP: 48/48 MP: 4/4
  2631 | D:4      | Reached * piety under Ashenzari
  2744 | D:4      | Noticed an ogre
  2750 | D:4      | Killed an ogre
  2918 | D:4      | Found a staircase to the Ecumenical Temple.
  2924 | D:4      | Reached XP level 6. HP: 50/58 MP: 5/5
  3202 | D:5      | Entered Level 5 of the Dungeon
  3251 | D:5      | Reached XP level 7. HP: 66/68 MP: 6/6
  3299 | D:5      | Reached ** piety under Ashenzari
  3498 | D:5      | Noticed a yak
  3540 | D:5      | Succumbed to a gnoll's poison

Illustrated notes

Levels and vault maps discovered:
D:1:      lemuel_arrival_rhombus, layout_loops_ring, serial_bayou_crossing
D:2:      layout_loops_cross, basic_altar, hellmonk_ecumenical_altar_lost_god
D:3:      layout_basic
D:4:      layout_basic, minmay_temple_entry_statues_pillars, st_stairs_1,
          minmay_misc_feat_tiny, kennysheep_pointless_box
D:5:      layout_basic, lightli_corner_chamber

Skill      XL: |  1  2  3  4  5  6 |
---------------+-------------------+-----
Armour         | 4 5 6 7 |  7.9
Fighting       | 4 5 6 7 |  7.7
Axes           | |  2.4
Shields        | |  3.7

Action                   |  1- 3 |  4- 6 |  7- 9 || total
-------------------------+-------+-------+-------++-------
Melee: War axe           |    79 |     2 |       ||    81
       Headbutt          |    10 |    10 |     4 ||    24
       Falchion          |       |   102 |    25 ||   127
Invok: Curse Item        |       |     2 |     1 ||     3
  Use: Scroll            |     2 |     2 |     1 ||     5
       Potion            |       |     1 |     1 ||     2
Armor: Scale mail        |    35 |    47 |    28 ||   110
Dodge: Dodged            |    31 |    37 |    27 ||    95
Block: Buckler           |    18 |    24 |    11 ||    53
